 Dungeon Crawl Stone Soup version 0.22.1-2-g9c5b331 (webtiles) character file.

29526 magicm the Severer (level 13, -1/118 HPs)
             Began as a Minotaur Berserker on Nov 18, 2018.
             Was a High Priest of Trog.
             Slain by a deep elf knight
             ... wielding a cursed -1 short sword
              (4 damage)
             ... on level 1 of the Elven Halls.
             The game lasted 00:57:50 (15588 turns).

magicm the Severer (Minotaur Berserker)            Turns: 15588, Time: 00:57:51

Health: -1/118     AC: 18    Str: 23    XL:     13   Next: 15%
Magic:  12/12      EV:  7    Int:  4    God:    Trog [*****.]
Gold:   938        SH:  0    Dex: 14    Spells: 12/12 levels left

rFire    . . .     SeeInvis +   w - +5 battleaxe
rCold    . . .     Gourm    .   (shield currently unavailable)
rNeg     . . .     Faith    .   c - +2 plate armour
rPois    .         Spirit   .   (helmet restricted)
rElec    .         Reflect  .   v - scarf {repulsion}
rCorr    .         Harm     .   p - +0 pair of gloves
MR       .....                  n - +0 pair of boots
Stlth    ..........             (no amulet)
HPRegen  0.29/turn              s - ring of see invisible
MPRegen  0.13/turn              B - +1 ring of slaying

@: lethally poisoned (-1 -> -12), berserk cooldown, slowed, heavily drained,
repel missiles, very slow
A: retaliatory headbutt, horns 2
a: Berserk, Trog's Hand, Brothers in Arms, Renounce Religion


You were on level 1 of the Elven Halls.
You worshipped Trog.
Trog was extremely pleased with you.
You were not hungry.

You visited 3 branches of the dungeon, and saw 14 of its levels.
You also visited: Sewer.

You collected 1068 gold pieces.
You spent 130 gold pieces at shops.

Inventory:

Hand Weapons
 r - a +1 war axe
 w - a +5 battleaxe (weapon)
Missiles
 l - 31 tomahawks (quivered)
 G - 12 tomahawks of returning
Armour
 c - a +2 plate armour (worn)
 h - a +0 buckler
 n - a +0 pair of boots (worn)
 p - a +0 pair of gloves (worn)
 v - a scarf of repulsion (worn)
Jewellery
 s - a ring of see invisible (left hand)
 A - an uncursed ring of resist corrosion
 B - a +1 ring of slaying (right hand)
Wands
 a - a wand of polymorph (29)
 f - a wand of random effects (36)
 t - a wand of iceblast (6)
 u - a wand of disintegration (13)
 x - a wand of paralysis (29)
 y - a wand of acid (13)
Scrolls
 g - 8 scrolls of teleportation
 k - 2 scrolls of remove curse
 q - 5 scrolls of fog
 C - 3 scrolls of magic mapping
 D - a scroll of blinking
 F - a scroll of enchant armour
Potions
 b - 5 potions of might
 e - 5 potions of haste
 i - a potion of cancellation
 m - 3 potions of flight
 o - 4 potions of brilliance
 z - 2 potions of degeneration {unknown}
 E - a potion of lignification {unknown}


   Skills:
 + Level 12.3(8.9) Fighting
 + Level 18.6(14.7) Axes
 + Level 1.6(0.0) Throwing
 + Level 12.3(8.9) Armour
 + Level 3.6(0.9) Dodging
 + Level 1.4(0.0) Stealth
 + Level 3.8(1.0) Shields


You had 12 spell levels left.
You didn't know any spells.
Your spell library was empty.

Dungeon Overview and Level Annotations

Branches:
Dungeon (11/15)            Temple (0/1) D:5            Lair (0/6) D:10
    Orc (2/2) D:10            Elf (1/3) Orc:2

Altars:
Dithmenos
Elyvilon
Gozag
Hepliaklqana
Kikubaaqudgha
Makhleb
Nemelex Xobeh
Qazlal
Trog
Yredelemnul
Beogh

Shops:
D:5 =   Orc:2 [[[!


Innate Abilities, Weirdness & Mutations

You reflexively headbutt those who attack you in melee.
You have a pair of horns on your head.


Message History

The flail of draining hits you.
* * * LOW HITPOINT WARNING * * *
You feel drained.
* * * LOW HITPOINT WARNING * * *
The deep elf knight hits you but does no damage.
The deep elf archer shoots an arrow.
The arrow hits you!
* * * LOW HITPOINT WARNING * * *
The flail of draining hits you but does no damage.
You feel drained.
You feel much better.
You feel very sick.
The deep elf knight gestures at you while chanting.
The shard of ice hits you!
* * * LOW HITPOINT WARNING * * *
The flail of draining hits you.
* * * LOW HITPOINT WARNING * * *
You feel drained.
* * * LOW HITPOINT WARNING * * *
The deep elf knight hits you with a short sword.
You die...

#?......# ..#
###.#...#.##...
#.............#
#........e...
#...........
#.......# .
#..$....##...
###.#.#@e......
#....ยง.)(.#....
###.#.#........
#. #.##.#.#...
#. #.# #...... #
#.# ..###? ###
..# ..# .#


You could see a deep elf archer, a deep elf knight (invisible) and a flail of
draining.

Vanquished Creatures
  An orc warlord (Orc:2)
  An ettin (Orc:2)
  The ghost of Lavandula the Cleaver, a journeyman CeBe of Trog (D:11)
  The ghost of MalarOregon the Spear-Bearer, a journeyman MfIE of Nemelex Xobeh (D:11)
  The ghost of miragecloak the Martial Artist, a journeyman OpTm of Ashenzari (D:11)
  An ogre mage (Orc:2)
  4 two-headed ogres
  3 orc high priests (Orc:2)
  Urug (D:10)
  A deep elf archer (Elf:1)
  5 orc knights
  A deep elf mage (Elf:1)
  5 orc sorcerers
  An ugly thing (D:11)
  2 cyclopes
  A komodo dragon (D:11)
  3 kobold demonologists (D:11)
  6 trolls
  2 hornets (D:9)
  2 hippogriffs (D:7)
  A shadow (D:11)
  A hungry ghost (D:11)
  A warg (Orc:2)
  A soldier ant (D:9)
  36 orc warriors
  2 sky beasts
  An ice beast (D:9)
  An eye of draining (D:11)
  A necrophage (D:9)
  12 ogres
  2 centaurs
  4 big kobolds (D:11)
  5 bullfrogs
  4 scorpions
  10 killer bees
  3 wights (D:7)
  5 crimson imps
  2 centaur zombies
  A jelly (D:11)
  3 bullfrog skeletons
  25 orc priests
  A centaur skeleton (D:5)
  6 hounds
  13 orc wizards
  Ijyb (D:5)
  Natasha (D:3)
  11 worker ants
  A hound zombie (D:10)
  2 hound skeletons
  2 worker ant zombies
  7 gnolls
  A howler monkey skeleton (D:5)
  7 adders
  2 river rats (Sewer)
  3 shadow imps
  An ooze (D:1)
  An adder skeleton (D:8)
  2 worms
  2 dart slugs
  5 leopard geckos
  93 orcs
  9 ball pythons
  7 giant cockroaches
  9 goblins
  6 hobgoblins
  4 jackals (D:6)
  3 quokkas
  11 bats
  10 frilled lizards
  19 kobolds
  2 leopard gecko skeletons
  2 quokka skeletons
  A quokka zombie (D:5)
  16 rats
  A fungus (D:1)
426 creatures vanquished.

Vanquished Creatures (collateral kills)
  Nessos (Orc:2)
  Harold (D:7)
  An orc high priest (Orc:2)
  5 yaks (D:9)
  2 orc warriors
  An ice beast (D:9)
  An eye of draining (D:11)
  2 phantoms
  2 ogres
  A centaur (D:11)
  A big kobold (D:11)
  A wyvern skeleton (D:8)
  15 killer bees
  A bullfrog zombie (D:8)
  4 orc priests
  2 hounds (D:11)
  2 orc wizards (D:8)
  A hound zombie (D:7)
  A shadow imp (D:9)
  An adder skeleton (D:9)
  13 orcs
  4 kobolds (D:11)
63 creatures vanquished.

Vanquished Creatures (others)
  An orc (Orc:1)
  7 plants (Orc:1)
8 creatures vanquished.

Grand Total: 497 creatures vanquished

Notes
Turn   | Place    | Note
-------+----------+-------------------------------------------
     0 | D:1      | magicm the Minotaur Berserker began the quest for the Orb.
     0 | D:1      | Reached XP level 1. HP: 19/19 MP: 0/0
   199 | D:1      | Reached XP level 2. HP: 27/27 MP: 1/1
   206 | D:1      | Reached skill level 4 in Axes
   965 | D:2      | Reached XP level 3. HP: 33/33 MP: 2/2
  1032 | D:2      | Reached ** piety under Trog
  1549 | D:2      | Reached skill level 5 in Axes
  1549 | D:2      | Reached XP level 4. HP: 38/40 MP: 3/3
  2205 | D:3      | Reached *** piety under Trog
  2383 | D:3      | Noticed Natasha
  2386 | D:3      | Killed Natasha
  2533 | D:4      | Reached XP level 5. HP: 47/47 MP: 4/4
  2652 | D:4      | Reached skill level 6 in Axes
  2677 | D:4      | Reached skill level 1 in Shields
  2828 | D:4      | Reached XP level 6. HP: 53/55 MP: 5/5
  2950 | D:4      | Noticed a moth of wrath
  2952 | D:4      | Found a bloodstained altar of Trog.
  3532 | D:4      | Found a shadowy altar of Dithmenos.
  3591 | D:5      | Entered Level 5 of the Dungeon
  3591 | D:5      | Noticed Ijyb
  3597 | D:5      | Killed Ijyb
  3636 | D:5      | Reached skill level 5 in Fighting
  3638 | D:5      | Found Weuv's Jewellery Emporium.
  3719 | D:5      | Found a staircase to the Ecumenical Temple.
  3732 | D:5      | Reached skill level 7 in Axes
  3751 | D:5      | Reached skill level 5 in Armour
  3751 | D:5      | Reached XP level 7. HP: 61/61 MP: 6/6
  4107 | D:5      | Found a glowing drain.
  4110 | D:5      | Reached **** piety under Trog
  4122 | Sewer    | Entered a sewer
  4676 | D:6      | Reached skill level 8 in Axes
  5078 | D:6      | Reached XP level 8. HP: 69/69 MP: 7/7
  5081 | D:6      | Found a basalt altar of Yredelemnul.
  5272 | D:6      | Reached skill level 9 in Axes
  5285 | D:6      | Found an ancient bone altar of Kikubaaqudgha.
  5527 | D:7      | Noticed a hippogriff
  5542 | D:7      | Killed a hippogriff
  5542 | D:7      | Reached skill level 1 in Stealth
  5785 | D:7      | Noticed Harold
  5794 | D:7      | Killed Harold
  5794 | D:7      | Reached skill level 10 in Axes
  6006 | D:7      | Noticed a hippogriff
  6014 | D:7      | Killed a hippogriff
  6014 | D:7      | Reached XP level 9. HP: 78/78 MP: 8/8
  6102 | D:7      | Reached skill level 11 in Axes
  6429 | D:7      | Found a sparkling altar of Nemelex Xobeh.
  6807 | D:8      | Found a hazy altar of Hepliaklqana.
  7331 | D:8      | Reached ***** piety under Trog
  7331 | D:8      | Reached skill level 12 in Axes
  7626 | D:9      | Found a sparkling altar of Nemelex Xobeh.
  7823 | D:9      | Reached skill level 13 in Axes
  7909 | D:9      | Noticed a troll
  7916 | D:9      | Killed a troll
  7916 | D:9      | Reached XP level 10. HP: 50/88 MP: 9/9
  8140 | D:9      | Found a white marble altar of Elyvilon.
  8144 | D:9      | Found an opulent altar of Gozag.
  8147 | D:9      | Found a stormy altar of Qazlal.
  8266 | D:9      | Found a burning altar of Makhleb.
  9007 | D:10     | Entered Level 10 of the Dungeon
  9007 | D:10     | Found a staircase to the Orcish Mines.
  9197 | D:10     | Noticed a cyclops
  9207 | D:10     | Killed a cyclops
  9487 | D:10     | Noticed Urug
  9499 | D:10     | Reached skill level 14 in Axes
  9505 | D:10     | Killed Urug
  9505 | D:10     | Reached skill level 1 in Throwing
  9730 | D:10     | Found a staircase to the Lair.
 10244 | D:11     | Noticed a two-headed ogre
 10247 | D:11     | Killed a two-headed ogre
 10377 | D:11     | Reached XP level 11. HP: 97/97 MP: 10/10
 10504 | D:11     | Noticed a sun demon
 10506 | D:11     | Reached skill level 10 in Armour
 10592 | D:11     | Noticed a cyan ugly thing
 10602 | D:11     | Killed a cyan ugly thing
 10602 | D:11     | Reached skill level 15 in Axes
 11169 | D:11     | Found a runed gate.
 11171 | D:11     | Found a runed gate.
 11173 | D:11     | Found a runed gate.
 11175 | D:11     | Noticed Lavandula's ghost (journeyman CeBe)
 11176 | D:11     | Noticed miragecloak's ghost (journeyman OpTm)
 11183 | D:11     | Noticed MalarOregon's ghost (journeyman MfIE)
 11186 | D:11     | Killed miragecloak's ghost
 11188 | D:11     | Killed MalarOregon's ghost
 11191 | D:11     | Killed Lavandula's ghost
 11439 | Orc:1    | Entered Level 1 of the Orcish Mines
 11486 | Orc:1    | Noticed an orc sorcerer
 11490 | Orc:1    | Noticed an orc knight
 11500 | Orc:1    | Reached skill level 16 in Axes
 11505 | Orc:1    | Killed an orc knight
 11509 | Orc:1    | Killed an orc sorcerer
 11509 | Orc:1    | Reached skill level 10 in Fighting
 11937 | Orc:2    | Entered Level 2 of the Orcish Mines
 11937 | Orc:2    | Noticed Nessos
 11944 | Orc:2    | Killed Nessos
 11957 | Orc:2    | Noticed a two-headed ogre
 11964 | Orc:2    | Killed a two-headed ogre
 12100 | Orc:2    | Reached XP level 12. HP: 107/107 MP: 11/11
 12144 | Orc:2    | Noticed an ettin
 12155 | Orc:2    | Killed an ettin
 12642 | Orc:2    | Reached skill level 17 in Axes
 12854 | Orc:2    | Found a staircase to the Elven Halls.
 13262 | Orc:2    | Noticed an orc high priest
 13270 | Orc:2    | Killed an orc high priest
 13307 | Orc:2    | Noticed an orc warlord
 13309 | Orc:2    | Found a roughly hewn altar of Beogh.
 13315 | Orc:2    | Noticed an orc high priest
 13318 | Orc:2    | Killed an orc warlord
 13335 | Orc:2    | Killed an orc high priest
 13363 | Orc:2    | Found Liohaz's Armour Boutique.
 13551 | Orc:2    | Noticed an orc high priest
 13564 | Orc:2    | Killed an orc high priest
 13764 | Orc:2    | Found Qayz's Antique Armour Emporium.
 13768 | Orc:2    | Noticed an orc high priest
 13783 | Orc:2    | Killed an orc high priest
 14164 | Orc:2    | Reached skill level 18 in Axes
 14233 | Orc:2    | Noticed an ogre mage
 14240 | Orc:2    | Killed an ogre mage
 14398 | Orc:2    | Found a roughly hewn altar of Beogh.
 14546 | Orc:2    | Noticed a two-headed ogre
 14553 | Orc:2    | Killed a two-headed ogre
 14735 | Orc:2    | Found Yrphol's Distillery.
 14740 | Orc:2    | Reached XP level 13. HP: 108/117 MP: 12/12
 14745 | Orc:2    | Bought a potion of heal wounds for 65 gold pieces
 14745 | Orc:2    | Bought a potion of heal wounds for 65 gold pieces
 14751 | Orc:2    | Found Taisanlajeo's Armour Shop.
 15570 | Elf:1    | Entered Level 1 of the Elven Halls
 15586 | Elf:1    | HP: 5/118 [deep elf archer/arrow (13)]
 15588 | Elf:1    | Slain by a deep elf knight

Skill      XL: |  1  2  3  4  5  6  7  8  9 10 11 12 13 |
---------------+----------------------------------------+-----
Axes           | 4 5 6 7 8 10 13 14 16 18 | 18.6
Fighting       | 4 5 6 7 9 10 11 12 | 12.3
Armour         | 3 5 6 7 9 10 12 | 12.3
Shields        | 1 2 3 |  3.8
Dodging        | 3 |  3.6
Stealth        | 1 |  1.4
Throwing       | 1 |  1.6

Action                   |  1- 3 |  4- 6 |  7- 9 | 10-12 | 13-15 || total
-------------------------+-------+-------+-------+-------+-------++-------
Melee: Hand axe          |   130 |    99 |       |       |       ||   229
       Headbutt          |    12 |    24 |    47 |    83 |    14 ||   180
       War axe           |       |    28 |   209 |       |       ||   237
       Battleaxe         |       |       |    66 |   410 |    56 ||   532
Throw: Tomahawk          |       |       |     2 |    11 |       ||    13
Invok: Berserk           |       |     1 |       |    14 |     1 ||    16
       Brothers in Arms  |       |       |     6 |    13 |       ||    19
       Trog's Hand       |       |       |       |     1 |       ||     1
  Use: Scroll            |     5 |     8 |    10 |     4 |       ||    27
       Potion            |       |       |     1 |     5 |     2 ||     8
  Eat: Ration            |     1 |     2 |     5 |     9 |     1 ||    18
       Chunk             |       |       |       |    11 |     1 ||    12
Armor: Animal skin       |     8 |       |       |       |       ||     8
       Chain mail        |    35 |       |       |       |       ||    35
       Plate armour      |    15 |    71 |   154 |   233 |    50 ||   523
Dodge: Dodged            |    54 |    36 |    87 |   152 |    29 ||   358
       Deflected         |       |       |     2 |    20 |       ||    22
Block: Buckler           |     7 |    16 |    36 |       |       ||    59
